 Dungeon Crawl Stone Soup version 0.17.2-1-ge4368a0 (console) character file.

11 Goblin1989 the Skirmisher (level 2, 0/26 HPs)
             Began as a Draconian Fighter on Sept 27, 2019.
             Slain by a giant gecko (3 damage)
             ... on level 2 of the Dungeon.
             The game lasted 00:01:14 (766 turns).

Goblin1989 the Skirmisher (Draconian Fighter)        Turns: 766, Time: 00:01:14

Health: 0/26       AC:  4    Str: 18    XL:     2   Next: 17%
Magic:  2/2        EV: 10    Int:  8    God:
Gold:   92         SH:  8    Dex: 10    Spells: 0 memorised, 1 level left

rFire  . . .     SeeInvis .     a - +0 flail
rCold  . . .     Clarity  .     (armour unavailable)
rNeg   . . .     SustAt   .     b - +0 shield
rPois  .         Gourm    .     (helmet restricted)
rElec  .         Spirit   .     (no cloak)
rCorr  .         Warding  .     (no gloves)
rMut   .         Stasis   .     (no boots)
MR     .....                    (no amulet)
Stlth  +.........               (no ring)
                                (no ring)

@: lethally poisoned (0 -> -11), hasted, very quick, not resistant to hostile
enchantments, very unstealthy
A: unfitting armour, cold-blooded, AC +4
a: no special abilities


You were on level 2 of the Dungeon.
You were not hungry.

You visited 1 branch of the dungeon, and saw 2 of its levels.

You collected 92 gold pieces.

Inventory:

Hand Weapons
 a - a +0 flail (weapon)
Armour
 b - a +0 shield (worn)
Scrolls
 d - 4 scrolls of identify {unknown}
 f - 3 scrolls of remove curse {unknown}
 h - a scroll of noise {unknown}
 n - a scroll of recharging {unknown}
Potions
 c - a potion of might
 i - a potion of cancellation {unknown}
 j - a potion of invisibility {unknown}
 l - 2 potions of haste {@q3, !q}
Comestibles
 e - 2 bread rations {@e1}
 g - 2 meat rations {@e2}
 k - a royal jelly
 m - 2 fruits


   Skills:
 + Level 3.2 Fighting
 * Level 2.4 Maces & Flails
 + Level 2.9 Dodging
 + Level 3.1 Shields


You had one spell level left.
You didn't know any spells.

Dungeon Overview and Level Annotations

Branches:
Dungeon (2/15)

Altars:


Innate Abilities, Weirdness & Mutations

Your plain brown scales are hard (AC +4).
Your body does not fit into most forms of armour.
You are cold-blooded and may be slowed by cold attacks.


Message History

No target in view!
No target in view!
No target in view!
No target in view!
No target in view!
No target in view!
No target in view!
No target in view!
No target in view!
No target in view!
No target in view!
No target in view!
No target in view!
No target in view!
A worm comes into view.
A worm is nearby!
A worm is nearby!
The helpless worm fails to defend itself.
You hit the worm.
The worm is lightly wounded.
The worm misses you.
You hit the worm.
The worm is lightly wounded.
You hit the worm.
The worm is moderately wounded.
The worm bites you.
You take 5 damage, and have 14/19 hp.
O_OOPS!!
MASSIVE DAMAGE!!
You sock the worm!
The worm is severely wounded.
The worm closely misses you.
You thump the worm!
You kill the worm!
You have reached level 2!
You regained 5 hp, and now have 19/26 hp.
MP restored: 2 A hobgoblin comes into view.
It is wielding a club.
The hobgoblin shouts!
A hobgoblin is nearby!
You see here 3 scrolls labeled TEOMAZ JAURI.
An adder comes into view.
You block the hobgoblin's attack.
You hit the hobgoblin.
The hobgoblin is almost dead.
The hobgoblin completely misses you.
You hit the hobgoblin.
You kill the hobgoblin!
You barely miss the adder.
Your tail-slap misses the adder.
The adder bites you. x2
You take 3 damage, and have 17/26 hp.
You closely miss the adder. The adder bites you.
You are poisoned.
The adder poisons you! The adder bites you.
You are more poisoned.
The adder poisons you!
You take 3 damage, and have 14/26 hp.
You are too injured to fight recklessly!
You are too injured to fight recklessly!
You are too injured to fight recklessly!
You are too injured to fight recklessly!
You are too injured to fight recklessly!
You are too injured to fight recklessly!
You are too injured to fight recklessly!
You are too injured to fight recklessly!
You are too injured to fight recklessly!
You are too injured to fight recklessly!
You are too injured to fight recklessly!
You are too injured to fight recklessly!
You are too injured to fight recklessly!
You are too injured to fight recklessly!
You are too injured to fight recklessly!
You are too injured to fight recklessly!
You are too injured to fight recklessly!
You are too injured to fight recklessly!
You are too injured to fight recklessly!
Unknown command.
You miss the adder.
You feel sick. The adder bites you.
* * * LOW HITPOINT WARNING * * *
The adder bites you.
* * * LOW HITPOINT WARNING * * *
A giant gecko comes into view.
You take 7 damage, and have 7/26 hp.
O_OOPS!!
MASSIVE DAMAGE!!
You closely miss the adder. You block the adder's attack.
You miss the adder.
* * * LOW HITPOINT WARNING * * *
You feel sick. The adder bites you.
* * * LOW HITPOINT WARNING * * *
You are more poisoned.
The adder poisons you!
The giant gecko bites you but does no damage.
The adder bites you.
* * * LOW HITPOINT WARNING * * *
You block the giant gecko's attack.
Unknown command.
You take 4 damage, and have 4/26 hp.
Unknown command.
Drink which item? (? for menu, Esc to quit)
It was a potion of haste.
You feel yourself speed up.
* * * LOW HITPOINT WARNING * * *
You feel sick. You block the adder's attack. The giant gecko bites you.
You die...

.. .█ .█ ..
.█ .█ █.█
...█ █
██S██...█
█.██@l$█...██
█.█..........
█..?........
█.█..........
█.
█..........█
█.
█████.██....
██.██
█.██...█
█...█
█.██.███
███...███
█.██.█


You could see an adder and a giant gecko.

Vanquished Creatures
  A worm (D:2)
  A bat (D:2)
  A giant cockroach (D:1)
  A hobgoblin (D:2)
  4 giant newts (D:1)
  2 rats (D:1)
10 creatures vanquished.

Notes
Turn   | Place    | Note
--------------------------------------------------------------
     0 | D:1      | Goblin1989 the Draconian Fighter began the quest for the Orb.
     0 | D:1      | Reached XP level 1. HP: 19/19 MP: 1/1
   745 | D:2      | Reached XP level 2. HP: 19/26 MP: 2/2
   766 | D:2      | Slain by a giant gecko

Action                   || total
-------------------------++-------
Melee: Flail             ||    28
  Use: Potion            ||     1
 Stab: Sleeping          ||     1

Vault maps used:
D:1:      dpeg_arrival_more_subterranean_lakeside_camping
D:2:      lemuel_doored_altar, kennysheep_potato
